 Dungeon Crawl Stone Soup version 0.30-a0-571-gdf30a72648 (webtiles) character file.

Game seed: 13701883545671014691

59 Jase the Sneak (level 4, -3/24 HPs)
             Began as a Kobold Enchanter on Dec 29, 2022.
             Slain by an orc
             ... wielding a +0 trident
              (5 damage)
             ... on level 2 of the Dungeon.
             The game lasted 00:05:35 (1547 turns).

Jase the Sneak (Kobold Enchanter)                   Turns: 1547, Time: 00:05:37

Health: -3/24      AC:  4    Str: 11    XL:     4   Next: 22%
Magic:  7/7        EV: 15    Int: 26    God:
Gold:   114        SH:  0    Dex: 15    Spells: 2/7 levels left

rFire   . . .      SeeInvis +    a - +1 dagger
rCold   . . .      Faith    .    (no shield)
rNeg    . . .      Spirit   .    o - +1 robe of Roochuhi {Contam Str+4 Int+10 SInv}
rPois   .          Reflect  .    (no helmet)
rElec   .          Harm     .    l - +0 cloak
rCorr   .          Rampage  .    (no gloves)
Will    .....                    (no boots)
Stlth   ++++                     (no amulet)
HPRegen 0.24/turn                (no ring)
MPRegen 0.10/turn                (no ring)

@: no status effects
A: small, no large weapons, nightstalker 3
a: no special abilities


You were on level 2 of the Dungeon.
You visited 1 branch of the dungeon, and saw 3 of its levels.

You collected 114 gold pieces.

Inventory:

Hand Weapons
 a - a +1 dagger (weapon)
Armour
 i - a +4 ring mail
 l - a +0 cloak (worn)
 o - the +1 robe of Roochuhi (worn) {Contam Str+4 Int+10 SInv}
   (You found it on level 2 of the Dungeon)

   Str:       It affects your strength (+4).
   Int:       It affects your intelligence (+10).
   SInv:      It lets you see invisible.
   Contam:    It causes magical contamination when unequipped.
Scrolls
 b - a scroll of identify
 e - a scroll of magic mapping {unknown}
 k - 2 scrolls of enchant armour {unknown}
 n - 2 scrolls of teleportation {unknown}
Potions
 c - 2 potions of invisibility
 d - 3 potions of curing
 f - a potion of berserk rage {unknown}
 g - 3 potions of flight {unknown}
 h - a potion of lignification {unknown}
 m - a potion of haste {unknown}
 p - 2 potions of brilliance {unknown}


   Skills:
 + Level 2.9 Short Blades
 + Level 3.3 Dodging
 - Level 4.0 Stealth
 - Level 2.1 Spellcasting
 + Level 3.6 Hexes
 + Level 0.9 Ice Magic


You had 2 spell levels left.
You knew the following spells:

 Your Spells              Type           Power      Damage    Failure   Level
a - Ensorcelled Hibernat  Hex/Ice        28%        N/A       6%          2
b - Confusing Touch       Hex            21%        N/A       7%          3

Your spell library contained the following spells:

 Spells                   Type           Power      Damage    Failure   Level
 Sublimation of Blood     Necr           2%         N/A       16%         2
 Tukima's Dance           Hex            21%        N/A       7%          3
 Dazzling Flash           Conj/Hex       24%        N/A       14%         3
 Petrify                  Tmut/Erth      2%         N/A       71%         4
 Irradiate                Conj/Tmut      1%         3d12      96%         5


Dungeon Overview and Level Annotations

Branches:
Dungeon (3/15)

Altars:


Innate Abilities, Weirdness & Mutations

You are small and have problems with some larger weapons.
You are completely attuned to the shadows.


Message History

You hit the orc.
The orc is severely wounded.
You hear a shout!
The orc hits you with a +0 whip.
The orc shouts!
You hit the orc but do no damage.
The orc is severely wounded.
The orc hits you with a +0 whip. The orc attacks as you move away!
The orc closely misses you. The orc attacks as you move away!
The orc barely misses you. The orc attacks as you move away!
The orc barely misses you. The orc attacks as you move away!
The orc hits you but does no damage.
You closely miss the orc. You hit the orc but do no damage.
The orc is severely wounded.
The orc priest begins to cast a cantrip, but forgets the words!
You hit the orc but do no damage.
The orc is severely wounded.
The orc misses you.
You hit the orc.
You kill the orc!
You start resting.
An orc is nearby!
You hit the orc but do no damage. The orc barely misses you.
The orc hits you from afar with a +0 trident.
You closely miss the orc. The orc hits you with a +0 club.
The orc hits you from afar with a +0 trident.
* * * LOW HITPOINT WARNING * * *
As you read the scroll labelled COECOF QUT AWA, it crumbles to dust.
It is a scroll of identify.
d - 3 potions of curing The orc hits you with a +0 club.
* * * LOW HITPOINT WARNING * * *
The orc closely misses you.
As you read the scroll labelled QENEQIDENEA, it crumbles to dust.
The creatures around you are filled with an inner flame!
It was a scroll of immolation.
The orc hits you with a +0 club.
* * * LOW HITPOINT WARNING * * *
The orc hits you from afar with a +0 trident.
You die...

......#÷##<............#
......#.######...÷.....#
.....[#..#######........
........................
......###..####.o####..#
......# ##.# #o.## #..
......# #.###.## ##
...#.## #..##o###
.#.#.## ##....o@#
.#....######.....#
###.............#
#..........####
#..........#
#..........#
############


You could see 2 orcs.

Vanquished Creatures
  2 dart slugs (D:1)
  2 orcs
  5 ball pythons
  4 endoplasms
  2 giant cockroaches (D:1)
  7 goblins
  4 hobgoblins (D:1)
  6 jackals
  3 kobolds
  2 quokkas
  2 bats
  3 frilled lizards (D:1)
  3 rats
45 creatures vanquished.

Notes
Turn   | Place    | Note
-------+----------+-------------------------------------------
     0 | D:1      | Jase the Kobold Enchanter began the quest for the Orb.
     0 | D:1      | Reached XP level 1. HP: 10/10 MP: 3/3
   157 | D:1      | Reached XP level 2. HP: 15/15 MP: 5/5
   441 | D:1      | Reached XP level 3. HP: 17/19 MP: 6/6
   493 | D:1      | Learned a level 2 spell: Ensorcelled Hibernation
  1243 | D:2      | Reached XP level 4. HP: 22/24 MP: 2/7
  1383 | D:2      | Identified the +1 robe of Roochuhi {Contam Str+4 Int+10
                  | SInv}
  1400 | D:2      | Learned a level 3 spell: Confusing Touch
  1462 | D:2      | You fall into a shaft and drop 1 floor!
  1547 | D:2      | Slain by an orc

Illustrated notes

Levels and vault maps discovered:
D:1:      dpeg_arrival_solitude, layout_basic
D:2:      layout_rooms, basic_ecumenical_altar
D:3:      layout_rooms, ashenzari_altar_1, serial_shops, shop

Skill      XL: |  1  2 |
---------------+-------+-----
Short Blades   | 2 |  2.9
Dodging        | 3 |  3.3
Stealth        | |  4.0
Spellcasting   | |  2.1
Hexes          | |  3.6
Ice Magic      | |  0.9

Action                   |  1- 3 |  4- 6 || total
-------------------------+-------+-------++-------
Melee: Dagger            |   104 |    41 ||   145
 Cast: Ensorcelled Hiber |     1 |     2 ||     3
  Use: Scroll            |       |     2 ||     2
 Stab: Sleeping          |    19 |     2 ||    21
Armor: Ring mail         |    24 |       ||    24
       Robe              |     5 |     4 ||     9
Dodge: Dodged            |    63 |    26 ||    89

Table legend: (Time is in decaauts)
 A = Elapsed time spent in this place.
 B = Non-inter-level travel time spent in this place.
 C = Inter-level travel time spent in this place.
 D = Time resting spent in this place.
 E = Time spent auto-exploring this place.
 F = Levels seen in this place.
 G = Mean time per level.
                   A        B        C        D        E       F      G
               +--------+--------+--------+--------+--------+-----+--------+
         Total |   1529 |   1423 |    106 |    130 |    861 |   3 |  509.7 |
       Dungeon |   1529 |   1423 |    106 |    130 |    861 |   3 |  509.7 |
               +--------+--------+--------+--------+--------+-----+--------+

Top non-repeatable levels by time:
     D:1: 1107 daAuts
     D:2: 405 daAuts
     D:3: 17 daAuts
